 Dungeon Sprint DCSS version 0.26-a0-712-ga5a9c9c9d0 (webtiles) character file.

Game seed: 8629883656700420251

2599 mhtbhm the Cleaver (level 9, -16/90 HPs)
             Began as a Minotaur Fighter on Oct 31, 2020.
             Was a Priest of Okawaru.
             Demolished by a tyrant leech (23 damage)
             ... in the Dungeon (Sprint VII: "The Pits").
             The game lasted 00:02:22 (1176 turns).

mhtbhm the Cleaver (Minotaur Fighter)               Turns: 1176, Time: 00:02:23

Health: -16/90     AC: 24    Str: 23    XL:     9   Next: 33%
Magic:  9/9        EV: 10    Int:  7    God:    Okawaru [***...]
Gold:   0          SH: 13    Dex:  9    Spells: 8/8 levels left

rFire    . . .     SeeInvis .   a - +1 broad axe (vorpal)
rCold    + . .     Faith    .   c - +0 kite shield
rNeg     . . .     Spirit   .   b - +3 chain mail
rPois    .         Reflect  .   (helmet restricted)
rElec    .         Harm     .   s - +0 cloak
rCorr    .         Rampage  .   (no gloves)
MR       .....     NoTele   +   r - +0 pair of boots
Stlth    ..........             (no amulet)
HPRegen  0.25/turn              o - +3 ring of protection
MPRegen  0.11/turn              p - +3 ring of protection

@: no status effects
A: retaliatory headbutt, horns 2, clever 1, cold resistance 1, weak 1
a: Heroism, Renounce Religion


You were in the Dungeon.
You worshipped Okawaru.
Okawaru was most pleased with you.
You visited 1 branch

Inventory:

Hand Weapons
 a - a +1 vorpal broad axe (weapon)
Armour
 b - a +3 chain mail (worn)
 c - a +0 kite shield (worn)
 r - a +0 pair of boots (worn)
 s - a +0 cloak (worn)
Jewellery
 o - a +3 ring of protection (left hand)
 p - a +3 ring of protection (right hand)
Scrolls
 j - a scroll of blinking
 l - 3 scrolls of remove curse
 m - 5 scrolls of amnesia
 n - a scroll of summoning
Potions
 d - 2 potions of might
 e - 6 potions of curing
 f - 10 potions of heal wounds
 g - 5 potions of haste
 h - 4 potions of magic
 i - 2 potions of berserk rage
 k - 2 potions of invisibility
 q - a potion of stabbing


   Skills:
 + Level 12.0 Fighting
 + Level 13.8 Axes
 + Level 11.8 Armour
 + Level 5.4 Dodging
 + Level 13.0 Shields
 + Level 1.3 Invocations


You had 8 spell levels left.
You didn't know any spells.
Your spell library was empty.

Dungeon Overview and Level Annotations

Branches:
Dungeon (1/1)

Altars:
Ashenzari
Cheibriados
Dithmenos
Elyvilon
Fedhas
Gozag
Hepliaklqana
Kikubaaqudgha
Makhleb
Nemelex Xobeh
Okawaru
Qazlal
Ru
Sif Muna
Trog
Uskayaw
Vehumet
Wu Jian
Xom
Yredelemnul
Zin
The Shining One
Beogh
Jiyva
Lugonu


Innate Abilities, Weirdness & Mutations

You reflexively headbutt those who attack you in melee.
You have a pair of horns on your head.
Your mind is acute. (Int +2)
Your flesh is cold resistant. (rC+)
You are weak. (Str -2)


Message History

You slash something! Something hits you but does no damage.
Unknown command.
You closely miss the tyrant leech.
The tyrant leech is severely wounded.
You closely miss something.
The tyrant leech bites you but does no damage.
Unknown command.
You closely miss the tyrant leech.
The tyrant leech is severely wounded.
You hit something but do no damage.
You hear some strange, mumbled words.
A bolt of fire appears from out of thin air!
The bolt of fire hits you!!
* * * LOW HITPOINT WARNING * * *
The tyrant leech bites you but does no damage.
You hit the tyrant leech but do no damage.
The tyrant leech is severely wounded.
You miss something. Something hits you but does no damage.
The tyrant leech bites you!!
You die...

#....g...p..
#......X.Z..
#..######### #..#
#..# ###### #ZZ#
.##.)# #ZZ# .##..#
#{w# .''..# #.@#
.''..##########..#
.##..............#
.##........†.....#
##################


You could see a tyrant leech (soul bound), a ball python simulacrum, an adder
simulacrum, a giant cockroach zombie and an adder skeleton.

Vanquished Creatures
  Erolcha (D)
  A large abomination (D)
  An ice devil (D)
  2 trolls (D)
  A wind drake (D)
  A flying skull (D)
  A ynoxinul (D)
  Menkaure (D)
  A floating eye (D)
  A quasit (D)
  A jelly (D)
  An iguana (D)
  An orc wizard (D)
  Ijyb (D)
  A worker ant (D)
  A mummy (D)
  A river rat (D)
  An adder (D)
  An ufetubus (D)
  An adder zombie (D)
  A leopard gecko (D)
  2 orcs (D)
  A giant cockroach (D)
  A goblin (D)
  A hobgoblin (D)
  2 kobolds (D)
  A ball python (D)
  A bat (D)
  A frilled lizard (D)
  2 rats (D)
34 creatures vanquished.

Notes
Turn   | Place    | Note
-------+----------+-------------------------------------------
     0 | D        | mhtbhm the Minotaur Fighter began the quest for the Orb.
     0 | D        | Reached XP level 1. HP: 19/19 MP: 0/0
    10 | D        | Noticed an iguana
    10 | D        | Noticed an ice devil
    13 | D        | Killed an iguana
    13 | D        | Reached skill level 5 in Fighting
    13 | D        | Reached skill level 5 in Armour
    13 | D        | Reached skill level 5 in Shields
    13 | D        | Reached XP level 2. HP: 29/29 MP: 1/1
    20 | D        | Killed an ice devil
    20 | D        | Reached XP level 3. HP: 32/41 MP: 2/2
    20 | D        | Reached XP level 4. HP: 39/49 MP: 3/3
    20 | D        | Reached XP level 5. HP: 45/56 MP: 4/4
    48 | D        | Found a bloodstained altar of Trog.
    48 | D        | Found a shimmering blue altar of Sif Muna.
    48 | D        | Found a viscous altar of Jiyva.
    48 | D        | Found a hazy altar of Hepliaklqana.
    48 | D        | Found an opulent altar of Gozag.
    49 | D        | Found a glowing golden altar of the Shining One.
    49 | D        | Found a glowing silver altar of Zin.
    49 | D        | Found a basalt altar of Yredelemnul.
    49 | D        | Found a shimmering altar of Xom.
    49 | D        | Found an ornate altar of the Wu Jian Council.
    49 | D        | Found a sacrificial altar of Ru.
    49 | D        | Found a stormy altar of Qazlal.
    49 | D        | Found an iron altar of Okawaru.
    49 | D        | Found a sparkling altar of Nemelex Xobeh.
    49 | D        | Found a burning altar of Makhleb.
    49 | D        | Found a blossoming altar of Fedhas.
    49 | D        | Found a white marble altar of Elyvilon.
    49 | D        | Found a shadowy altar of Dithmenos.
    49 | D        | Found a snail-covered altar of Cheibriados.
    51 | D        | Found a radiant altar of Vehumet.
    51 | D        | Found a corrupted altar of Lugonu.
    51 | D        | Found a roughly hewn altar of Beogh.
    52 | D        | Found a hide-covered altar of Uskayaw.
    52 | D        | Found an ancient bone altar of Kikubaaqudgha.
    52 | D        | Found a broken altar of Ashenzari.
    59 | D        | Became a worshipper of Warmaster Okawaru
   105 | D        | Reached XP level 6. HP: 47/62 MP: 5/5
   210 | D        | Noticed a floating eye
   212 | D        | Paralysed by a floating eye for 4 turns
   219 | D        | Paralysed by a floating eye for 4 turns
   224 | D        | Killed a floating eye
   224 | D        | Reached skill level 1 in Dodging
   464 | D        | Noticed Menkaure
   472 | D        | Killed Menkaure
   472 | D        | Reached * piety under Okawaru
   472 | D        | Reached skill level 10 in Fighting
   472 | D        | Reached skill level 10 in Armour
   472 | D        | Reached skill level 10 in Shields
   472 | D        | Reached XP level 7. HP: 35/72 MP: 6/6
   643 | D        | Noticed Ijyb
   654 | D        | Killed Ijyb
   659 | D        | Noticed a ynoxinul
   663 | D        | Killed a ynoxinul
   663 | D        | Reached skill level 10 in Axes
   666 | D        | Noticed a flying skull
   685 | D        | Killed a flying skull
   803 | D        | Noticed a troll
   814 | D        | Killed a troll
   814 | D        | Reached ** piety under Okawaru
   814 | D        | Reached XP level 8. HP: 70/81 MP: 4/7
   881 | D        | Gained mutation: Your flesh is cold resistant. (rC+)
                  | [potion of mutation]
   881 | D        | Gained mutation: You are weak. (Str -2) [potion of
                  | mutation]
   881 | D        | Gained mutation: Your mind is acute. (Int +2) [potion of
                  | mutation]
   946 | D        | Noticed Erolcha
   946 | D        | Noticed a wind drake
   953 | D        | Killed Erolcha
   953 | D        | Reached *** piety under Okawaru
   961 | D        | Killed a wind drake
   961 | D        | Reached skill level 1 in Invocations
   961 | D        | Reached XP level 9. HP: 83/90 MP: 6/8
  1103 | D        | Noticed a troll
  1115 | D        | Killed a troll
  1115 | D        | Reached skill level 5 in Dodging
  1148 | D        | Noticed a tyrant leech
  1149 | D        | Noticed a large abomination
  1150 | D        | Noticed a necromancer
  1167 | D        | Killed a large abomination
  1176 | D        | Demolished by a tyrant leech

Illustrated notes

Levels and vault maps discovered:
D:        pitsprint [storerooms_1, entrance_room_1, metal_vault_6, armoury_1,
          mini_pit_1, grid_room_1, main_hall_1, silver_pit, the_coven_3,
          the_vestibule_1, steel_vault_3, golden_pit, hallway_of_sentries,
          crystal_vault_1, iron_vault_2, final_vault]

Skill      XL: |  1  2  3  4  5  6  7  8  9 |
---------------+----------------------------+-----
Fighting       | 5 8 10 11 12 | 12.0
Axes           | 3 6 8 11 12 13 | 13.8
Armour         | 5 8 10 11 | 11.8
Shields        | 5 8 10 11 12 13 | 13.0
Dodging        | 2 3 4 5 |  5.4
Invocations    | 1 |  1.3

Action                   |  1- 3 |  4- 6 |  7- 9 || total
-------------------------+-------+-------+-------++-------
Melee: War axe           |     7 |     2 |       ||     9
       Headbutt          |     1 |     8 |    19 ||    28
       Hand axe          |       |    39 |    47 ||    86
       Broad axe         |       |       |    30 ||    30
Invok: Heroism           |       |       |     2 ||     2
  Use: Potion            |     1 |       |     1 ||     2
Armor: Scale mail        |     1 |    30 |       ||    31
       Chain mail        |       |    25 |    30 ||    55
Dodge: Dodged            |     1 |    26 |    21 ||    48
Block: Kite shield       |     2 |    33 |    34 ||    69

Table legend: (Time is in decaauts)
 A = Elapsed time spent in this place.
 B = Non-inter-level travel time spent in this place.
 C = Inter-level travel time spent in this place.
 D = Time resting spent in this place.
 E = Time spent auto-exploring this place.
 F = Levels seen in this place.
 G = Mean time per level.
                   A        B        C        D        E       F      G
               +--------+--------+--------+--------+--------+-----+--------+
         Total |   1176 |   1176 |      0 |    602 |     94 |   1 | 1176.0 |
       Dungeon |   1176 |   1176 |      0 |    602 |     94 |   1 | 1176.0 |
               +--------+--------+--------+--------+--------+-----+--------+

Top non-repeatable levels by time:
       D: 1176 daAuts
